 Dungeon Crawl Stone Soup version 0.27.1-34-g3ba077fa99 (webtiles) character file.

Game seed: 8156720871660913784

207 ticklebelly the Chopper (level 5, -1/50 HPs)
             Began as a Minotaur Berserker on Jan 7, 2022.
             Was a Believer of Trog.
             Succumbed to a scorpion's poison
             ... on level 4 of the Dungeon.
             The game lasted 00:04:58 (2881 turns).

ticklebelly the Chopper (Minotaur Berserker)        Turns: 2881, Time: 00:04:59

Health: -1/50      AC:  6    Str: 23    XL:     5   Next: 54%
Magic:  4/4        EV: 25    Int:  4    God:    Trog [**....]
Gold:   101        SH:  0    Dex:  9    Spells: 4/4 levels left

rFire    . . .     SeeInvis .   a - +0 hand axe
rCold    . . .     Faith    .   (no shield)
rNeg     . . .     Spirit   .   h - +0 scale mail
rPois    .         Reflect  .   (helmet restricted)
rElec    .         Harm     .   (no cloak)
rCorr    .         Rampage  .   (no gloves)
Will     .....                  (no boots)
Stlth    ..........             o - amulet of the acrobat
HPRegen  0.16/turn              (no ring)
MPRegen  0.09/turn              (no ring)

@: lethally poisoned (-1 -> -13), on berserk cooldown, acrobatic, slowed, very
slow
A: horns 2, retaliatory headbutt
a: Renounce Religion, Berserk, Trog's Hand


You were on level 4 of the Dungeon.
You worshipped Trog.
Trog was pleased with you.
You visited 1 branch of the dungeon, and saw 4 of its levels.

You collected 101 gold pieces.

Inventory:

Hand Weapons
 a - a +0 hand axe (weapon)
Armour
 h - a +0 scale mail (worn)
 m - a +0 tower shield
Jewellery
 o - an amulet of the acrobat (around neck)
Wands
 n - a wand of polymorph (5)
Scrolls
 b - 4 scrolls of identify {unknown}
 d - 3 scrolls of magic mapping {unknown}
 k - 2 scrolls of blinking {unknown}
 q - a scroll of noise {unknown}
Potions
 c - a potion of haste {unknown}
 e - a potion of cancellation {unknown}
 f - a potion of lignification {unknown}
 g - a potion of flight {unknown}
 i - a potion of might {unknown}
 j - a potion of resistance {unknown}
 l - 2 potions of curing {unknown}
 p - a potion of mutation {unknown}


   Skills:
 + Level 5.8 Fighting
 + Level 5.8 Axes
 - Level 3.0 Armour
 - Level 2.1 Dodging


You had 4 spell levels left.
You didn't know any spells.
Your spell library was empty.

Dungeon Overview and Level Annotations

Branches:
Dungeon (4/15)
 Temple: D:4-7

Altars:

Shops:
D:3 :


Innate Abilities, Weirdness & Mutations

You have a pair of horns on your head.
You reflexively headbutt those who attack you in melee.


Message History

The scorpion stings you.
You hit the scorpion but do no damage. You headbutt the scorpion.
The scorpion is lightly wounded.
You feel very sick. The scorpion stings you.
You are lethally poisoned!
The scorpion poisons you!
A red film seems to cover your vision as you go berserk!
You feel yourself moving faster!
You feel mighty!
You feel very sick. The scorpion stings you.
You slash the scorpion!
The scorpion is almost dead.
You feel very sick. The scorpion stings you.
* * * LOW HITPOINT WARNING * * *
You are lethally poisoned!
The scorpion poisons you!
You barely miss the scorpion. Your headbutt misses the scorpion.
The scorpion is almost dead.
* * * LOW HITPOINT WARNING * * *
You feel very sick. The scorpion misses you.
You slice the scorpion!!
You kill the scorpion!
Trog accepts your kill.
* * * LOW HITPOINT WARNING * * *
You feel very sick.
* * * LOW HITPOINT WARNING * * *
You feel very sick.
You see here a scorpion corpse.
You feel a strong urge to attack something.
* * * LOW HITPOINT WARNING * * *
You feel sick.
* * * LOW HITPOINT WARNING * * *
You feel very sick.
You feel your anger nearly subside.
You are no longer berserk.
You are exhausted.
You feel yourself slow down.
You die...

.........#
.#######.# .# #.# .#
#.# ########
.#######.####......#
..............####.#
.#.#####.###### #.#
...# #.#
#######.###### .#.#
#.# #....@.........
...# #.#
#.#####.#######
...... ..# #.#
###### ### #.# #.#
#.# #.# ..


There were no monsters in sight!

Vanquished Creatures
  A scorpion (D:4)
  Crazy Yiuf (D:3)
  Robin (D:4)
  4 adders
  A worm (D:3)
  A dart slug (D:2)
  3 ball pythons
  8 bats
  5 endoplasms
  3 giant cockroaches
  15 goblins
  7 hobgoblins
  A quokka (D:3)
  3 frilled lizards
  5 kobolds
  4 rats
63 creatures vanquished.

Notes
Turn   | Place    | Note
-------+----------+-------------------------------------------
     0 | D:1      | ticklebelly the Minotaur Berserker began the quest for the
                  | Orb.
     0 | D:1      | Reached XP level 1. HP: 19/19 MP: 0/0
   249 | D:1      | Reached XP level 2. HP: 27/27 MP: 1/1
   557 | D:1      | Found a faded altar of an unknown god.
   941 | D:2      | Reached XP level 3. HP: 28/34 MP: 2/2
  1209 | D:2      | Reached ** piety under Trog
  1743 | D:3      | Reached skill level 5 in Fighting
  1743 | D:3      | Reached skill level 5 in Axes
  1743 | D:3      | Reached XP level 4. HP: 38/42 MP: 3/3
  1840 | D:3      | Found Plog's Book Shoppe.
  2307 | D:3      | Found a runed translucent door.
  2308 | D:3      | Noticed Crazy Yiuf
  2531 | D:3      | Killed Crazy Yiuf
  2757 | D:4      | Noticed Robin
  2769 | D:4      | Killed Robin
  2772 | D:4      | Reached XP level 5. HP: 48/48 MP: 4/4
  2880 | D:4      | HP: 2/75 [poisoned by a scorpion]
  2881 | D:4      | Succumbed to a scorpion's poison

Illustrated notes

Levels and vault maps discovered:
D:1:      dpeg_arrival_round_b, layout_loops_ring,
          ebering_ecumenical_altar_hall, minmay_pentomino_s2
D:2:      layout_basic
D:3:      layout_loops_corners, serial_shops, nicolae_shop_window_shopping,
          minmay_diced_spiral, uniq_crazy_yiuf_cottage
D:4:      layout_loops_ring, chequers_temple_overflow_statue_of_worship,
          uniq_robin

Skill      XL: |  1  2  3  4 |
---------------+-------------+-----
Fighting       | 4 5 |  5.8
Axes           | 4 5 |  5.8
Armour         | 3 |  3.0
Dodging        | |  2.1

Action                   |  1- 3 |  4- 6 || total
-------------------------+-------+-------++-------
Melee: Hand axe          |    73 |    51 ||   124
       Headbutt          |    12 |     7 ||    19
Invok: Berserk           |       |     2 ||     2
Armor: Animal skin       |     3 |       ||     3
       Ring mail         |     6 |       ||     6
       Scale mail        |    35 |    13 ||    48
Dodge: Dodged            |    31 |    25 ||    56
